 Dungeon Crawl Stone Soup version 0.18-a0-1788-g92de1ac (webtiles) character file.

617 Gottschkopf the Conjurer (level 7, -1/50 HPs)
             Began as a Mottled Draconian Conjurer on Apr 21, 2016.
             Was an Initiate of Vehumet.
             Slain by a mummy (14 damage)
             ... in an ossuary.
             The game lasted 00:19:08 (5445 turns).

Gottschkopf the Conjurer (DrCj)                     Turns: 5445, Time: 00:19:08

Health: -1/50      AC:  7    Str: 15    XL:     7   Next: 21%
Magic:  12/12      EV: 12    Int: 17    God:    Vehumet [......]
Gold:   275        SH:  0    Dex: 12    Spells: 3 memorised, 7 levels left

rFire  . . .     SeeInvis .     h - +1 dagger (venom)
rCold  . . .     Gourm    .     (armour unavailable)
rNeg   . . .     Faith    .     (no shield)
rPois  .         Spirit   .     (helmet restricted)
rElec  .         Dismiss  .     (no cloak)
rCorr  .         Reflect  .     v - +0 pair of gloves
SustAt .         Harm     .     (no boots)
MR     .....                    (no amulet)
Stlth  ++........               (no ring)
                                o - +5 ring of strength

@: not resistant to hostile enchantments, unstealthy
A: breathe sticky flame splash, unfitting armour, cold-blooded, AC +6
a: Breathe Sticky Flame, Renounce Religion


You were in an ossuary.
You worshipped Vehumet.
Vehumet was noncommittal.
You were hungry.

You visited 1 branch of the dungeon, and saw 5 of its levels.
You also visited: Ossuary.

You collected 275 gold pieces.

Inventory:

Hand Weapons
 g - a +3 dagger
 h - a +1 dagger of venom (weapon)
Armour
 v - a +0 pair of gloves (worn)
Jewellery
 o - a +5 ring of strength (left hand)
Wands
 s - a wand of confusion (29/48)
Scrolls
 i - a scroll of fog
 l - 4 scrolls of identify
 m - a scroll of immolation
Potions
 c - a potion of cure mutation {unknown}
 d - a potion of brilliance
 e - 2 potions of might {unknown}
 k - 2 potions of mutation {unknown}
 n - 2 potions of curing {unknown}
 r - 2 potions of lignification {unknown}
Books
 a - a book of Conjurations

   Spells                             Type                      Level
   a - Magic Dart                     Conjuration                  1
   b - Searing Ray                    Conjuration                  2
   c - Dazzling Spray                 Conjuration/Hexes            3
   d - Fulminant Prism                Conjuration/Hexes            4
   e - Iskenderun's Mystic Blast      Conjuration                  4
   f - Iskenderun's Battlesphere      Conjuration/Charms           5
 q - a Grand Grimoire

   Spells                             Type                      Level
   a - Monstrous Menagerie            Summoning                    7
   b - Summon Greater Demon           Summoning                    7
   c - Malign Gateway                 Summoning/Translocation      7
   d - Summon Horrible Things         Summoning                    8
 t - a book of Clouds

   Spells                             Type                      Level
   a - Mephitic Cloud                 Conjuration/Poison/Air       3
   b - Conjure Flame                  Conjuration/Fire             3
   c - Poisonous Cloud                Conjuration/Poison/Air       6
   d - Freezing Cloud                 Conjuration/Ice/Air          6
   e - Ring of Flames                 Charms/Fire                  7
Comestibles
 b - 2 bread rations
 f - 3 meat rations
 j - 9 fruits
 p - a slice of pizza
 u - 3 beef jerkies


   Skills:
 - Level 1.7 Dodging
 - Level 1.7 Stealth
 * Level 3.7 Spellcasting
 - Level 7.0 Conjurations
 - Level 3.3 Hexes


You had 7 spell levels left.
You knew the following spells:

 Your Spells              Type           Power        Failure   Level  Hunger
a - Magic Dart            Conj           ####         1%          1    None
b - Searing Ray           Conj           ####..       1%          2    ##.....
c - Dazzling Spray        Conj/Hex       ###.....     8%          3    ###....


Dungeon Overview and Level Annotations

Branches:
Dungeon (5/15)
 Temple: D:4-7

Altars:
Fedhas
Makhleb
Trog
Vehumet


Innate Abilities, Weirdness & Mutations

You can spit globs of burning liquid.
You can ignite nearby creatures when you spit burning liquid.
Your weird mottled scales are hard (AC +6).
Your body does not fit into most forms of armour.
You are cold-blooded and may be slowed by cold attacks.


Message History

A mummy comes into view.
There is an empty arch of ancient stone here.
You hit the mummy but do no damage. The mummy hits you.
You barely miss the mummy.
You tail-slap the mummy, but do no damage.
The mummy misses you.
You hit the mummy but do no damage. You hit the mummy.
The mummy is lightly damaged.
The mummy hits you!
You hit the mummy.
The mummy is moderately damaged.
You hit the mummy but do no damage.
The mummy is moderately damaged.
The mummy hits you.
* * * LOW HITPOINT WARNING * * *
You hit the mummy but do no damage.
Your tail-slap misses the mummy.
The mummy is moderately damaged.
The mummy hits you!
You die...

#..# #..#
#..# #..+
#..# #..#
#..#####+##
#..@M......
#∩.........
###########


You could see a mummy.

Vanquished Creatures
  Eustachio (D:5)
  A giant frog zombie (D:3)
  2 hounds
  The ghost of Potsanchik the Scratcher, a weakling FeCK of Xom (D:3)
  2 orc wizards (D:4)
  2 orc priests (D:4)
  A worker ant (D:4)
  4 gnolls (D:4)
  4 adders
  An ooze (D:1)
  An adder zombie (D:5)
  2 worms
  2 dart slugs
  7 giant geckos
  11 orcs
  A ball python (D:4)
  9 bats
  5 giant cockroaches
  11 goblins
  10 hobgoblins
  7 jackals (D:1)
  9 kobolds
  A ball python skeleton (D:4)
  6 giant newts
  12 rats
113 creatures vanquished.

Notes
Turn   | Place    | Note
--------------------------------------------------------------
     0 | D:1      | Gottschkopf the Draconian Conjurer began the quest for the Orb.
     0 | D:1      | Reached XP level 1. HP: 14/14 MP: 3/3
   164 | D:1      | Reached XP level 2. HP: 20/20 MP: 1/5
   168 | D:1      | Learned a level 2 spell: Searing Ray
   606 | D:1      | Reached skill level 5 in Conjurations
   630 | D:1      | Reached XP level 3. HP: 20/26 MP: 6/6
   635 | D:1      | Learned a level 3 spell: Dazzling Spray
   812 | D:1      | Reached skill level 1 in Hexes
  1504 | D:2      | Reached XP level 4. HP: 16/33 MP: 5/7
  2617 | D:3      | Noticed Potsanchik's ghost (weakling FeCK)
  2620 | D:3      | Killed Potsanchik's ghost
  2620 | D:3      | Reached XP level 5. HP: 36/38 MP: 2/8
  3042 | D:3      | Found a bloodstained altar of Trog.
  3104 | D:3      | Found a burning altar of Makhleb.
  3286 | D:3      | Found a blossoming altar of Fedhas.
  3297 | D:3      | Found a radiant altar of Vehumet.
  3301 | D:3      | Became a worshipper of Vehumet
  4111 | D:4      | Reached skill level 6 in Conjurations
  4148 | D:4      | Reached XP level 6. HP: 15/45 MP: 0/9
  5022 | D:4      | Reached skill level 7 in Conjurations
  5229 | D:5      | Entered Level 5 of the Dungeon
  5366 | D:5      | Noticed Eustachio
  5382 | D:5      | Killed Eustachio
  5382 | D:5      | Your scales start taking on a weird mottled colour.
  5382 | D:5      | Reached XP level 7. HP: 27/50 MP: 6/12
  5424 | D:5      | Found a sand-covered staircase.
  5435 | Ossuary  | Entered an ossuary
  5445 | Ossuary  | Slain by a mummy

Vault maps used:
D:1:      lightli_arrival_quake, hangedman_glass_teeth, serial_bayou_ford_a,
          minivault_5
D:3:      amethyst_overflow_temple_binary, lemuel_coloured_pillars_altar,
          lemuel_doored_altar
D:5:      first_bread, nicolae_ossuary_entry_ruins, uniq_eustachio
Ossuary:  ossuary_boxes_badplayer

Skill      XL: |  1  2  3  4  5  6 |
---------------+-------------------+-----
Conjurations   | 5 6 7 |  7.0
Hexes          | 2 3 |  3.3
Spellcasting   | 3 |  3.7
Dodging        | |  1.7
Stealth        | |  1.7

Action                   |  1- 3 |  4- 6 |  7- 9 || total
-------------------------+-------+-------+-------++-------
Melee: Unarmed           |     9 |       |       ||     9
       Tailslap          |    10 |    19 |     1 ||    30
       Dagger            |    80 |   158 |     7 ||   245
 Cast: Magic Dart        |    35 |    47 |       ||    82
       Dazzling Spray    |       |     4 |       ||     4
       Searing Ray       |       |     7 |       ||     7
  Use: Scroll            |       |     7 |       ||     7
 Stab: Sleeping          |     2 |     4 |       ||     6
  Eat: Chunk             |     3 |    13 |       ||    16
Armor: Skin              |    23 |    52 |     2 ||    77
Dodge: Dodged            |    51 |   110 |     2 ||   163
